 Dungeon Crawl Stone Soup version 0.19-a0-1803-g97ff39f (webtiles) character file.

295 Proteus the Covert (level 6, -3/30 HPs)
             Began as a Spriggan Assassin on Oct 5, 2016.
             Killed from afar by an orc wizard (5 damage)
             ... with a magic dart
             ... on level 3 of the Dungeon.
             The game lasted 00:03:23 (2034 turns).

Proteus the Covert (Spriggan Assassin)              Turns: 2034, Time: 00:03:23

Health: -3/30      AC:  3    Str:  7    XL:     6   Next: 11%
Magic:  7/7        EV: 17    Int: 13    God:
Gold:   144        SH:  3    Dex: 19    Spells: 0 memorised, 5 levels left

rFire  . . .     SeeInvis +     a - +2 dagger
rCold  . . .     Gourm    .     c - +0 robe
rNeg   . . .     Faith    .     (shield restricted)
rPois  .         Spirit   .     (helmet restricted)
rElec  .         Dismiss  .     d - +0 cloak
rCorr  .         Reflect  +     (gloves unavailable)
MR     +....     Harm     .     (boots unavailable)
Stlth  +++++.....               m - +3 amulet of reflection
                                (no ring)
                                (no ring)

@: flying, very quick
A: unfitting armour, see invisible, herbivore 3, speed 3, slow metabolism 2
a: no special abilities


You were on level 3 of the Dungeon.
You were not hungry.

You visited 1 branch of the dungeon, and saw 3 of its levels.

You collected 144 gold pieces.

Inventory:

Hand Weapons
 a - a +2 dagger (weapon)
 b - a +0 blowgun
Missiles
 e - 15 poisoned needles
 f - 2 curare-tipped needles
Armour
 c - a +0 robe (worn)
 d - a +0 cloak (worn)
Jewellery
 m - a +3 amulet of reflection (around neck)
Potions
 h - a potion of magic
 j - a potion of resistance
 n - 2 potions of haste
 o - a potion of degeneration {unknown}
Comestibles
 g - 2 bread rations


   Skills:
 - Level 1.5 Fighting
 - Level 2.1 Short Blades
 - Level 2.0 Throwing
 - Level 1.5 Dodging
 + Level 11.1 Stealth


You had 5 spell levels left.
You didn't know any spells.

Dungeon Overview and Level Annotations

Branches:
Dungeon (3/15)

Altars:
Makhleb


Innate Abilities, Weirdness & Mutations

You are very small and have problems with some larger weapons.
You are too small for most types of armour.
You have supernaturally acute eyesight. (SInv)
You are a herbivore.
You cover ground extremely quickly.
You need consume almost no food.


Message History

The magic dart hits you!
You hit the orc wizard.
The orc wizard is moderately wounded.
The orc wizard points at you and mumbles some strange words.
The puff of flame hits you!
You hit the orc wizard.
The orc wizard is heavily wounded.
The orc wizard points at you and mumbles some strange words.
The puff of flame hits you!
* * * LOW HITPOINT WARNING * * *
You are too injured to fight recklessly!
You are too injured to fight recklessly!
You are too injured to fight recklessly!
You are too injured to fight recklessly!
It was a potion of flight.
You feel very buoyant.
You fly up into the air.
The orc wizard casts a spell at you. The magic dart hits you!
You die...

########## ..#
#.@oo...># #.#
#.######.# ###.#####
#.# ........# ###.#####
.##.###.## #...)...#
.##.##†..####.#.###.#
.##.#.....#.....#
...†...........)#
.###...................


You could see an orc wizard and an orc.

Vanquished Creatures
  Grinder (D:3)
  A hound (D:2)
  A gnoll (D:1)
  2 adders
  3 dart slugs
  3 leopard geckos
  2 orcs (D:3)
  A giant cockroach (D:1)
  2 goblins
  5 hobgoblins
  2 jackals (D:3)
  2 quokkas
  A ball python (D:1)
  3 bats
  A frilled lizard (D:1)
  6 kobolds
  5 rats
41 creatures vanquished.

Notes
Turn   | Place    | Note
-------+----------+-------------------------------------------
     0 | D:1      | Proteus the Spriggan Assassin began the quest for the Orb.
     0 | D:1      | Reached XP level 1. HP: 10/10 MP: 2/2
    18 | D:1      | Reached skill level 6 in Stealth
   245 | D:1      | Reached XP level 2. HP: 14/14 MP: 3/3
   263 | D:1      | Reached skill level 7 in Stealth
   391 | D:1      | Reached XP level 3. HP: 9/18 MP: 4/4
  1042 | D:2      | Reached skill level 8 in Stealth
  1167 | D:2      | Reached XP level 4. HP: 10/22 MP: 5/5
  1363 | D:2      | Found a burning altar of Makhleb.
  1703 | D:3      | Reached skill level 9 in Stealth
  1777 | D:3      | Noticed Grinder
  1780 | D:3      | Killed Grinder
  1780 | D:3      | Reached skill level 11 in Stealth
  1780 | D:3      | Reached XP level 5. HP: 25/25 MP: 6/6
  1780 | D:3      | Reached XP level 6. HP: 30/30 MP: 7/7
  2034 | D:3      | Killed from afar by an orc wizard

Vault maps used:
D:1:      dpeg_arrival_rooms_a
D:2:      first_bread, makhleb_blood_cavern_becter
D:3:      tgw_sif, uniq_grinder

Skill      XL: |  1  2  3  4 |
---------------+-------------+-----
Stealth        | 6 7 8 11 | 11.1
Fighting       | |  1.5
Short Blades   | |  2.1
Throwing       | |  2.0
Dodging        | |  1.5

Action                   |  1- 3 |  4- 6 || total
-------------------------+-------+-------++-------
Melee: Dagger            |   101 |    32 ||   133
 Fire: Blowgun           |     9 |       ||     9
  Use: Scroll            |       |     4 ||     4
       Potion            |       |     1 ||     1
 Stab: Sleeping          |     6 |     6 ||    12
       Distracted        |     2 |     2 ||     4
Armor: Robe              |    12 |     2 ||    14
Dodge: Dodged            |    62 |     9 ||    71
Block: Other             |     3 |     3 ||     6
